 Dungeon Crawl Stone Soup version 0.28-a0-1518-gbe868bca14 (webtiles) character file.

Game seed: 14968409481686648236

3459 hashsling the Fighter (level 10, -4/102 HPs)
             Began as a Hill Orc Cinder Acolyte on Jan 16, 2022.
             Was a Priest of Ignis.
             Slain by a boulder beetle (10 damage)
             ... on level 7 of the Dungeon.
             The game lasted 00:20:34 (8417 turns).

hashsling the Fighter (Hill Orc Cinder Acolyte)     Turns: 8417, Time: 00:20:34

Health: -4/102     AC:  8    Str: 22    XL:     10   Next: 6%
Magic:  4/11       EV: 11    Int: 14    God:    Ignis [***...]
Gold:   383        SH:  0    Dex:  6    Spells: 9/11 levels left

rFire   + + .      SeeInvis .   C - +5 quarterstaff (speed)
rCold   . . .      Faith    .   (shield currently unavailable)
rNeg    . . .      Spirit   .   p - +1 leather armour {rF+}
rPois   .          Reflect  .   w - +1 helmet
rElec   .          Harm     .   (no cloak)
rCorr   .          Rampage  .   (no gloves)
Will    .....                   f - +1 pair of boots
Stlth   +.........              c - amulet of magic regeneration
HPRegen 0.27/turn               (no ring)
MPRegen 0.52/turn               (no ring)

@: no status effects
A: no striking features
a: Renounce Religion, Fiery Armour, Foxfire Swarm, Rising Flame


You were on level 7 of the Dungeon.
You worshipped Ignis.
Ignis was most pleased with you.
You visited 1 branch of the dungeon, and saw 7 of its levels.

You collected 383 gold pieces.

Inventory:

Hand Weapons
 a - a -1 hand axe of flaming
 t - a +0 war axe
 C - a +5 quarterstaff of speed (weapon)
Armour
 f - a +1 pair of boots (worn)
 n - a +2 ring mail of cold resistance
 o - a +0 kite shield
 p - a +1 leather armour of fire resistance (worn)
 w - a +1 helmet (worn)
Jewellery
 c - an amulet of magic regeneration (around neck)
 x - an amulet of reflection
Wands
 s - a wand of acid (13)
Scrolls
 b - a scroll of summoning {unknown}
 g - a scroll of fear
 j - a scroll of noise {unknown}
 l - 3 scrolls of fog
 m - a scroll of magic mapping
 q - 3 scrolls of torment
 u - 4 scrolls of amnesia
 y - a scroll of enchant armour {unknown}
 z - a scroll of silence {unknown}
 B - a scroll of enchant weapon {unknown}
Potions
 d - a potion of might {unknown}
 e - 4 potions of heal wounds
 h - 2 potions of mutation
 i - 2 potions of curing {unknown}
 k - a potion of magic {unknown}
 r - a potion of resistance {unknown}
 v - 2 potions of brilliance {unknown}
 A - a potion of flight {unknown}


   Skills:
 * Level 13.9 Fighting
 - Level 4.0 Axes
 - Level 1.0 Spellcasting
 + Level 9.5 Fire Magic


You had 9 spell levels left.
You knew the following spells:

 Your Spells              Type           Power      Damage    Failure   Level
a - Scorch                Fire           54%        2d7       1%          2

Your spell library contained the following spells:

 Spells                   Type           Power      Damage    Failure   Level
 Gell's Gravitas          Tloc           0%         N/A       65%         3
 Lesser Beckoning         Tloc           0%         N/A       65%         3
 Portal Projectile        Hex/Tloc       0%         N/A       65%         3
 Summon Guardian Golem    Hex/Summ       0%         N/A       65%         3
 Teleport Other           Tloc           0%         N/A       65%         3
 Blade Hands              Tmut           0%         N/A       100%        5
 Excruciating Wounds      Necr           0%         N/A       100%        5
 Summon Forest            Summ/Tloc      0%         N/A       100%        5
 Summon Mana Viper        Hex/Summ       0%         N/A       100%        5
 Summon Cactus Giant      Summ           0%         N/A       100%        6
 Orb of Destruction       Conj           0%         9d5       100%        7
 Spellforged Servitor     Conj/Summ      0%         N/A       100%        7


Dungeon Overview and Level Annotations

Branches:
Dungeon (7/15)             Temple (0/1) D:5

Altars:

Shops:
D:4 =   D:5 (


Message History

Casting: Scorch (safe; 1% risk of failure)
Confirm with . or Enter, or press ? or * to list all spells.
Okay, then.
The boulder beetle is no longer more vulnerable to fire.
The boulder beetle curls into a ball and begins rolling!
Casting: Scorch (safe; 1% risk of failure)
Confirm with . or Enter, or press ? or * to list all spells.
Flames lash the boulder beetle but do no damage.
The boulder beetle closely misses you.
The boulder beetle stops rolling and uncurls.
Casting: Scorch (safe; 1% risk of failure)
Confirm with . or Enter, or press ? or * to list all spells.
Flames lash the boulder beetle.
The boulder beetle is lightly wounded.
The boulder beetle's fire resistance burns away.
The boulder beetle bites you!
* * * LOW HITPOINT WARNING * * *
Casting: Scorch (safe; 1% risk of failure)
Confirm with . or Enter, or press ? or * to list all spells.
Flames lash the boulder beetle but do no damage.
The boulder beetle leaps!
The boulder beetle curls into a ball and begins rolling!
The boulder beetle is no longer more vulnerable to fire.
Casting: Scorch (safe; 1% risk of failure)
Confirm with . or Enter, or press ? or * to list all spells.
Flames lash the boulder beetle.
The boulder beetle is lightly wounded.
The boulder beetle's fire resistance burns away.
The boulder beetle hits you!!
* * * LOW HITPOINT WARNING * * *
The boulder beetle stops rolling and uncurls.
Casting: Scorch (safe; 1% risk of failure)
Confirm with . or Enter, or press ? or * to list all spells.
Flames lash the boulder beetle but do no damage.
The boulder beetle bites you but does no damage.
Casting: Scorch (safe; 1% risk of failure)
Confirm with . or Enter, or press ? or * to list all spells.
Flames lash the boulder beetle but do no damage.
The boulder beetle bites you!
You die...

########## ##....(....
##.......... #...........
#.....[..... #...>....... ####
#........... ####
#######@.####...........
#....#####.....B.................
#..........############....<.....
#....°###### ##..##.#### #....#
##..##..... ###.# #...##..... #.
#....#..... # #.##...###.
#.###..##..


You could see a boulder beetle (combustible).

Vanquished Creatures
  A two-headed ogre (D:5)
  Joseph (D:7)
  Prince Ribbit (D:5)
  A steam dragon (D:7)
  Menkaure (D:5)
  A water moccasin (D:5)
  Duvessa (D:7)
  An ice beast (D:6)
  2 sky beasts
  2 necrophages
  2 ogres
  3 black bears
  A centaur (D:5)
  A phantom (D:7)
  A bullfrog (D:7)
  2 wyvern zombies
  A scorpion (D:5)
  2 water moccasin skeletons (D:6)
  Dowan (D:7)
  A bullfrog zombie (D:7)
  A centaur zombie (D:5)
  A jelly (D:7)
  An orc priest (D:4)
  A bullfrog skeleton (D:4)
  A centaur skeleton (D:5)
  A gnoll shaman (D:5)
  An iguana (D:4)
  3 orc wizards
  A hound skeleton (D:5)
  5 gnolls (D:5)
  7 adders
  4 white imps
  A worm (D:3)
  2 dart slugs
  8 orcs
  2 ball pythons
  6 bats
  5 endoplasms
  4 giant cockroaches
  8 hobgoblins
  4 jackals (D:2)
  8 quokkas
  2 frilled lizards
  4 goblins
  8 kobolds
  6 rats
122 creatures vanquished.

Notes
Turn   | Place    | Note
-------+----------+-------------------------------------------
     0 | D:1      | hashsling the Hill Orc Cinder Acolyte began the quest for
                  | the Orb.
     0 | D:1      | Reached XP level 1. HP: 19/19 MP: 2/2
    43 | D:1      | Found a faded altar of an unknown god.
   552 | D:1      | Reached skill level 4 in Fighting
   667 | D:1      | Reached XP level 2. HP: 26/27 MP: 3/3
   670 | D:1      | Learned a level 2 spell: Scorch
  1554 | D:2      | Reached XP level 3. HP: 31/34 MP: 0/4
  1939 | D:2      | Reached skill level 5 in Fighting
  2145 | D:2      | Reached XP level 4. HP: 40/42 MP: 2/5
  3785 | D:4      | Reached skill level 6 in Fighting
  3785 | D:4      | Reached XP level 5. HP: 37/50 MP: 0/6
  3915 | D:4      | Found Gicledo's Jewellery Shoppe.
  4176 | D:4      | Reached skill level 7 in Fighting
  4176 | D:4      | Reached skill level 5 in Fire Magic
  4176 | D:4      | Reached XP level 6. HP: 27/60 MP: 1/7
  4690 | D:5      | Entered Level 5 of the Dungeon
  4690 | D:5      | Noticed a sky beast
  4705 | D:5      | Killed a sky beast
  4706 | D:5      | Reached skill level 8 in Fighting
  4706 | D:5      | Reached XP level 7. HP: 60/68 MP: 1/8
  4785 | D:5      | Noticed Menkaure
  4805 | D:5      | Killed Menkaure
  5228 | D:5      | Noticed Prince Ribbit
  5235 | D:5      | Reached skill level 9 in Fighting
  5243 | D:5      | Killed Prince Ribbit
  5244 | D:5      | Reached XP level 8. HP: 79/79 MP: 1/9
  5492 | D:5      | Found a staircase to the Ecumenical Temple.
  5571 | D:5      | Reached skill level 10 in Fighting
  5676 | D:5      | Found Refuovvy's Weapon Emporium.
  6190 | D:5      | Noticed a two-headed ogre
  6198 | D:5      | Killed a two-headed ogre
  6199 | D:5      | Reached skill level 11 in Fighting
  6199 | D:5      | Reached XP level 9. HP: 37/90 MP: 0/10
  6815 | D:6      | Reached skill level 12 in Fighting
  7547 | D:7      | Noticed Duvessa
  7547 | D:7      | Noticed Dowan
  7551 | D:7      | Killed Dowan
  7560 | D:7      | Killed Duvessa
  7561 | D:7      | Reached skill level 13 in Fighting
  8237 | D:7      | Noticed Joseph
  8265 | D:7      | Killed Joseph
  8266 | D:7      | Reached XP level 10. HP: 77/102 MP: 0/11
  8394 | D:7      | Noticed a boulder beetle
  8417 | D:7      | Slain by a boulder beetle

Illustrated notes

Levels and vault maps discovered:
D:1:      minmay_arrival_three_doors, layout_basic,
          shapermc_ecumenical_altar_acropolis
D:2:      layout_basic, serial_aquarium, aquarium_bridge_square
          [aquarium_subvault_wall, aquarium_subvault_wall,
          aquarium_subvault_bridge, aquarium_subvault_bridge],
          aquarium_window_corner, aquarium_window_1, aquarium_window_corridor_2,
          aquarium_window_corner, aquarium_view_2a, aquarium_balcony_3a,
          aquarium_pool_2
D:3:      layout_basic
D:4:      layout_rooms, serial_shops, kennysheep_mini
D:5:      layout_loops_corners, minmay_temple_entry_gardened_gates,
          gup_sewer_entry_pipe, serial_shops,
          nicolae_shop_competitors_out_of_business, uniq_prince_ribbit1,
          uniq_menkaure
D:6:      layout_cave_pools
D:7:      layout_rooms, uniq_joseph, uniq_duvessa

Skill      XL: |  1  2  3  4  5  6  7  8  9 |
---------------+----------------------------+-----
Fighting       | 4 5 6 7 8 9 11 13 | 13.9
Fire Magic     | 4 5 6 8 9 |  9.5
Axes           | |  4.0
Spellcasting   | |  1.0

Action                   |  1- 3 |  4- 6 |  7- 9 | 10-12 || total
-------------------------+-------+-------+-------+-------++-------
Melee: Hand axe          |   100 |    71 |       |       ||   171
       Punch             |       |     2 |     2 |       ||     4
       War axe           |       |       |    78 |     1 ||    79
 Cast: Scorch            |    14 |    27 |   115 |     9 ||   165
Invok: Fiery Armour      |       |     2 |     3 |       ||     5
  Use: Scroll            |       |     5 |     4 |       ||     9
Armor: Robe              |    27 |     9 |       |       ||    36
       Leather armour    |       |    14 |    81 |     1 ||    96
Dodge: Dodged            |    69 |    46 |   100 |     1 ||   216

Table legend: (Time is in decaauts)
 A = Elapsed time spent in this place.
 B = Non-inter-level travel time spent in this place.
 C = Inter-level travel time spent in this place.
 D = Time resting spent in this place.
 E = Time spent auto-exploring this place.
 F = Levels seen in this place.
 G = Mean time per level.
                   A        B        C        D        E       F      G
               +--------+--------+--------+--------+--------+-----+--------+
         Total |   8464 |   8307 |    157 |      0 |   7157 |   7 | 1209.1 |
       Dungeon |   8464 |   8307 |    157 |      0 |   7157 |   7 | 1209.1 |
               +--------+--------+--------+--------+--------+-----+--------+

Top non-repeatable levels by time:
     D:5: 2089 daAuts
     D:2: 1426 daAuts
     D:1: 1260 daAuts
     D:3: 1034 daAuts
     D:4: 986 daAuts
     D:7: 934 daAuts
     D:6: 731 daAuts
